 Dungeon Crawl Stone Soup version 0.26.1-11-gd32895ea62 (webtiles) character file.

Game seed: 2888299080947621209

1549 RepoMan the Destroyer (level 8, -3/41 HPs)
             Began as a Gargoyle Air Elementalist on July 25, 2021.
             Was a Believer of Qazlal.
             Shot with a bolt by an orc warrior (10 damage)
             ... in a bailey.
             The game lasted 00:45:44 (6025 turns).

RepoMan the Destroyer (Gargoyle Air Elementalist)   Turns: 6025, Time: 00:45:44

Health: -3/41      AC:  9    Str: 17    XL:     8   Next: 87%
Magic:  4/15       EV: 12    Int: 17    God:    Qazlal [**....]
Gold:   415        SH:  8    Dex: 10    Spells: 2/17 levels left

rFire    . . .     SeeInvis .   w - +3 whip of a wizard's laboratory {elec, Str+4}
rCold    . . .     Faith    .   (no shield)
rNeg     + + .     Spirit   .   z - +1 robe {rN+}
rPois    ∞         Reflect  +   (no helmet)
rElec    +         Harm     .   j - +0 cloak
rCorr    .         Rampage  .   (no gloves)
Will     .....                  (no boots)
Stlth    +.........             e - amulet of reflection
HPRegen  0.13/turn              h - ring of wizardry
MPRegen  0.14/turn              a - ring of wizardry

@: very slightly contaminated
A: negative energy resistance 1, electricity resistance, unbreathing,
petrification resistance, miasma immunity, AC +5
a: Renounce Religion, Upheaval


You were in a bailey.
You worshipped Qazlal.
Qazlal was pleased with you.
You visited 2 branches of the dungeon, and saw 8 of its levels.
You also visited: Bailey.

You collected 415 gold pieces.

Inventory:

Hand Weapons
 w - the +3 whip of a wizard's laboratory (weapon) {elec, Str+4}
   (You took it off a kobold on level 5 of the Dungeon)

   Occasionally, upon striking a foe, it can discharge electrical energy and
   cause terrible harm.
   It affects your strength (+4).
Armour
 j - a +0 cloak (worn)
 z - a +1 robe of positive energy (worn)
Jewellery
 a - a ring of wizardry (right hand)
 e - an amulet of reflection (around neck)
 h - a ring of wizardry (left hand)
 n - an uncursed ring of ice
 t - an uncursed amulet of guardian spirit {unknown}
 C - an uncursed amulet of faith {unknown}
Wands
 v - a wand of paralysis (22)
 A - a wand of flame (12)
 B - a wand of polymorph (13)
Scrolls
 b - 3 scrolls of enchant weapon
 c - 2 scrolls of random uselessness {unknown}
 f - 2 scrolls of immolation {unknown}
 g - 5 scrolls of remove curse
 k - a scroll of noise {unknown}
 m - a scroll of fog {unknown}
 o - a scroll of teleportation {unknown}
 q - a scroll of fear {unknown}
 r - a scroll of magic mapping
 s - 6 scrolls of identify
 u - 2 scrolls of enchant armour {unknown}
Potions
 d - a potion of lignification
 i - a potion of flight {unknown}
 l - 2 potions of curing {unknown}
 p - 4 potions of mutation {unknown}
 x - 2 potions of ambrosia {unknown}


   Skills:
 - Level 1.5 Dodging
 - Level 2.1 Stealth
 + Level 5.2 Spellcasting
 * Level 8.4 Conjurations
 + Level 5.1 Air Magic


You had 2 spell levels left.
You knew the following spells:

 Your Spells              Type           Power        Failure   Level
a - Airstrike             Air            10%          4%          4
d - Static Discharge      Conj/Air       27%          1%          3
l - Lightning Bolt        Conj/Air       13%          7%          5
s - Swiftness             Air            21%          1%          2
z - Shock                 Conj/Air       100%         1%          1

Your spell library contained the following spells:

 Spells                   Type           Power        Failure   Level


Dungeon Overview and Level Annotations

Branches:
Dungeon (7/15)             Temple (1/1) D:4          Bailey (1/1)

Altars:
Dithmenos
Fedhas
Gozag
Nemelex Xobeh
Qazlal
Ru
Vehumet
Xom
Zin

Annotations:
D:3 Grinder


Innate Abilities, Weirdness & Mutations

You are resistant to torment.
Your stone body is resilient. (AC +5)
You are immune to poison.
You resist negative energy. (rN+)
You are resistant to electric shocks. (rElec)
You can survive without breathing.
You are immune to petrification.
You are immune to miasma.


Message History

Casting: Shock (safe; 1% risk of failure)
Confirm with . or Enter, or press ? or * to list all spells.
Aiming: Shock (safe; 1% risk of failure)
Press: ? - help, Shift-Dir - straight line, f/p - orc
Aim: an orc, wielding a +0 spear and wearing a +0 ring mail (almost dead, strong, 23% to evade)
The zap hits the orc warrior.
The orc warrior is heavily wounded.
The zap misses the orc.
That's the wrong kind of item! (Use * to select it.) Evoke which item? (* to show all) (? for menu, Esc to quit)
Aiming: Throw Flame
Press: ? - help, Shift-Dir - straight line, f/p - orc
Aim: an orc, wielding a +0 spear and wearing a +0 ring mail (almost dead, strong, 28% to evade)
The puff of flame hits the orc warrior.
The orc warrior is severely wounded.
The orc warrior shoots a bolt.
The bolt hits you!!
* * * LOW HITPOINT WARNING * * *
Okay, then.
The orc warrior shoots a bolt.
The bolt hits you!
You die...

## ###### ##∩##
####
#.....##...##....
..≈≈≈).#...#..≈≈≈
.≈≈.≈≈.......≈≈o≈
.≈.oo≈.......≈oo
.≈≈o≈§.(.....≈≈o
..≈≈≈..#@..#..≈
#.....##.∩(#
###### ##∩## ###


You could see an orc knight, 3 orc warriors and 3 orcs.

Vanquished Creatures
  Pikel (D:4)
  The ghost of Descartes the Sneak, an amateur FeTm (D:5)
  Edmund (D:4)
  An orc warrior (Bailey)
  A lemure (D:4)
  2 big kobolds
  A bullfrog (D:7)
  A scorpion (D:7)
  3 hounds
  Crazy Yiuf (D:2)
  Natasha (D:3)
  2 orc wizards
  3 worker ants
  Terence (D:2)
  3 gnolls (D:5)
  7 adders
  A shadow imp (D:5)
  A white imp (D:5)
  An ufetubus (D:6)
  2 adder zombies
  2 adder skeletons
  2 worms
  A dart slug (D:1)
  5 leopard geckos
  15 orcs
  3 ball pythons
  2 giant cockroaches
  7 goblins
  6 hobgoblins
  20 kobolds
  3 quokkas
  7 bats
  2 frilled lizards
  3 rats
113 creatures vanquished.

Vanquished Creatures (others)
  A demonic plant (Temple)
  8 fungi
  4 plants
13 creatures vanquished.

Grand Total: 126 creatures vanquished

Notes
Turn   | Place    | Note
-------+----------+-------------------------------------------
     0 | D:1      | RepoMan the Gargoyle Air Elementalist began the quest for
                  | the Orb.
     0 | D:1      | Reached XP level 1. HP: 10/10 MP: 3/3
   336 | D:1      | Reached XP level 2. HP: 15/15 MP: 0/5
   402 | D:1      | Learned a level 2 spell: Swiftness
   800 | D:2      | Reached skill level 2 in Conjurations
   860 | D:2      | Found a glowing silver altar of Zin.
   877 | D:2      | Reached XP level 3. HP: 16/19 MP: 0/6
   932 | D:2      | Learned a level 3 spell: Static Discharge
  1023 | D:2      | Noticed Terence
  1052 | D:2      | Killed Terence
  1053 | D:2      | Reached skill level 3 in Conjurations
  1053 | D:2      | Reached XP level 4. HP: 14/24 MP: 0/7
  1273 | D:2      | Found a shimmering altar of Xom.
  1273 | D:2      | Found a shimmering altar of Xom.
  1273 | D:2      | Found a shimmering altar of Xom.
  1274 | D:2      | Found a shimmering altar of Xom.
  1276 | D:2      | Found a shimmering altar of Xom.
  1276 | D:2      | Found a shimmering altar of Xom.
  1399 | D:2      | Found a radiant altar of Vehumet.
  1575 | D:2      | Found a stormy altar of Qazlal.
  1578 | D:2      | Found a blossoming altar of Fedhas.
  1586 | D:2      | Became a worshipper of Qazlal Stormbringer
  1734 | D:2      | Found a runed translucent door.
  1735 | D:2      | Noticed Crazy Yiuf
  1761 | D:2      | Killed Crazy Yiuf
  1762 | D:2      | Reached XP level 5. HP: 28/28 MP: 5/9
  1827 | D:2      | Found an opulent altar of Gozag.
  2071 | D:3      | Noticed Grinder
  2464 | D:3      | Reached * piety under Qazlal
  2516 | D:3      | Reached skill level 4 in Conjurations
  2526 | D:3      | Noticed Natasha
  2534 | D:3      | Killed Natasha
  3007 | D:4      | Found a staircase to the Ecumenical Temple.
  3090 | D:4      | Reached XP level 6. HP: 32/32 MP: 7/10
  3230 | D:4      | Noticed Edmund
  3273 | D:4      | Killed Edmund
  3274 | D:4      | Reached skill level 5 in Conjurations
  3667 | D:4      | Noticed Pikel
  3698 | D:4      | Killed Pikel
  3699 | D:4      | Reached skill level 6 in Conjurations
  3699 | D:4      | Reached XP level 7. HP: 26/36 MP: 2/13
  3699 | D:4      | Reached XP level 8. HP: 29/41 MP: 2/14
  3705 | Temple   | Entered the Ecumenical Temple
  4053 | D:5      | Entered Level 5 of the Dungeon
  4055 | D:5      | Identified the cursed +3 whip of a wizard's laboratory
                  | {elec, Str+4}
  4066 | D:5      | Found a runed translucent gate.
  4066 | D:5      | Found a runed translucent gate.
  4066 | D:5      | Found a runed translucent gate.
  4361 | D:5      | Reached skill level 7 in Conjurations
  4399 | D:5      | Found a sparkling altar of Nemelex Xobeh.
  4672 | D:5      | Noticed Descartes's ghost (amateur FeTm)
  4914 | D:5      | Killed Descartes's ghost
  4942 | D:5      | Learned a level 4 spell: Airstrike
  4948 | D:5      | Learned a level 5 spell: Lightning Bolt
  5355 | D:6      | Reached ** piety under Qazlal
  5396 | D:6      | Found a shadowy altar of Dithmenos.
  5397 | D:6      | Found a sacrificial altar of Ru.
  5863 | D:7      | Reached skill level 5 in Spellcasting
  5863 | D:7      | Reached skill level 8 in Conjurations
  5894 | D:7      | Reached skill level 5 in Air Magic
  5937 | D:7      | Found a flagged portal.
  6012 | Bailey   | Entered a bailey
  6014 | Bailey   | Noticed an orc knight
  6025 | Bailey   | Shot with a bolt by an orc warrior

Illustrated notes

Levels and vault maps discovered:
D:1:      matt_arrival_grand_opening, layout_basic
D:2:      layout_rooms, grunt_temple_overflow_forces_of_nature,
          nicolae_overflow_crystal_walls, overflow_temple_1_default,
          fiery_altar_vehumet, xom_redecorated, uniq_terence,
          uniq_crazy_yiuf_cottage
D:3:      layout_loops_ring, uniq_natasha, uniq_grinder
D:4:      layout_layer_cave, minmay_temple_entry_large_hall, serial_glass,
          glass_columns_c, glass_columns_a, uniq_pikel, uniq_edmund
D:5:      layout_basic, basic_altar, gammafunk_ghost_nasty_kobolds
D:6:      layout_loops_ring, gammafunk_temple_overflow_pools
D:7:      layout_rooms, enter_bailey_3, doesnt_shop_hydraphobe
Temple:   corrupted_temple
Bailey:   bailey_polearm_4, bailey

Skill      XL: |  1  2  3  4  5  6  7  8 |
---------------+-------------------------+-----
Conjurations   | 2 3 4 6 8 |  8.4
Air Magic      | 3 4 5 |  5.1
Spellcasting   | 3 4 5 |  5.2
Dodging        | |  1.5
Stealth        | |  2.1

Action                   |  1- 3 |  4- 6 |  7- 9 || total
-------------------------+-------+-------+-------++-------
Melee: Unarmed           |       |     8 |       ||     8
       Dagger            |       |    15 |     5 ||    20
       Whip              |       |       |    14 ||    14
 Cast: Shock             |    40 |    93 |    77 ||   210
       Static Discharge  |       |       |     3 ||     3
Evoke: Wand              |       |       |     1 ||     1
  Use: Scroll            |       |       |     6 ||     6
Armor: Robe              |    10 |     8 |    21 ||    39
Dodge: Dodged            |    22 |    35 |    40 ||    97
Block: Other             |     3 |    21 |    20 ||    44
       Reflection        |     1 |     1 |     3 ||     5
